 Dungeon Crawl Stone Soup version 0.30-a0-1114-gd936c97349 (webtiles) character file.

Game seed: 15358368271107765889

5791 Warped the Cruncher (level 11, -3/83 HPs)
             Began as a Formicid Fighter on Apr 21, 2023.
             Was a Believer of the Shining One.
             Shot with an arrow by a centaur (4 damage)
             ... on level 9 of the Dungeon.
             The game lasted 00:14:23 (8777 turns).

Warped the Cruncher (Formicid Fighter)              Turns: 8777, Time: 00:14:24

Health: -3/83      AC: 20    Str: 24    XL:     11   Next: 6%
Magic:  14/14      EV:  8    Int:  7    God:    the Shining One [**....]
Gold:   541        SH:  7    Dex: 15    Spells: 10/10 levels left

rFire   . . .      SeeInvis +    a - +1 lajatang
rCold   . . .      Faith    +    c - +1 buckler
rNeg    + . .      Spirit   .    m - +0 plate armour
rPois   .          Reflect  .    (helmet unavailable)
rElec   .          Rampage  .    (no cloak)
rCorr   .                        (no gloves)
Will    +....                    n - +2 pair of boots Stlth
                                 j - amulet of faith
HPRegen 0.33/turn                C - +4 ring of protection
MPRegen 0.14/turn                f - +4 ring of slaying

@: glowing, studying Ranged Weapons
A: permanent stasis, dig shafts and tunnels, antennae 3, four strong arms
a: Dig, Shaft Self, Renounce Religion, Divine Shield


You were on level 9 of the Dungeon.
You worshipped the Shining One.
The Shining One was pleased with you.
You visited 1 branch of the dungeon, and saw 9 of its levels.

You collected 541 gold pieces.

Inventory:

Hand Weapons
 a - a +1 lajatang (weapon)
 b - a +2 heavy sling
 l - a +1 quarterstaff
 r - a +0 trident
 E - a +2 whip of venom
 K - a +0 shortbow
 N - a +0 hand axe of flaming
Missiles
 u - 20 poisoned darts
 y - 10 boomerangs
 D - 7 curare-tipped darts
 G - 33 stones
Armour
 c - a +1 buckler (worn)
 m - a +0 plate armour (worn)
 n - a +2 pair of boots (worn)
 v - a +0 chain mail
 O - a +0 chain mail
Jewellery
 f - a +4 ring of slaying (right hand)
 j - an amulet of faith (around neck)
 k - an amulet of guardian spirit
 B - a ring of protection from fire
 C - a +4 ring of protection (left hand)
Wands
 s - a wand of flame (27)
 z - a wand of paralysis (7) (quivered)
 L - a wand of roots (7)
Scrolls
 i - 2 scrolls of poison
 p - a scroll of enchant armour
 F - a scroll of silence
Potions
 e - 4 potions of lignification
 g - 2 potions of curing
 h - 3 potions of cancellation
 q - 2 potions of flight
 H - a potion of magic
 M - a potion of ambrosia
 P - 3 potions of attraction


   Skills:
 + Level 6.9 Fighting
 * Level 10.2 Staves
 + Level 4.9 Ranged Weapons
 + Level 6.9 Armour
 + Level 4.7 Dodging
 + Level 8.2 Shields
 + Level 4.6 Invocations


You had 10 spell levels left.
You didn't know any spells.
Your spell library contained the following spells:

 Spells                   Type           Power      Damage    Failure   Level
 Apportation              Tloc           0%         N/A       100%        1
 Ensorcelled Hibernation  Hex/Ice        0%         N/A       100%        2
 Passwall                 Tmut/Erth      0%         N/A       100%        2
 Ozocubu's Armour         Ice            0%         N/A       100%        3
 Spider Form              Tmut/Pois      0%         N/A       100%        3
 Anguish                  Hex/Necr       0%         N/A       100%        4
 Alistair's Intoxication  Tmut/Pois      0%         N/A       100%        5
 Metabolic Englaciation   Hex/Ice        0%         N/A       100%        5
 Simulacrum               Ice/Necr       0%         N/A       100%        6
 Swiftness                Air            Unusable   N/A       N/A         3

Dungeon Overview and Level Annotations

Branches:
Dungeon (9/15)             Temple (0/1) D:7            Lair (0/5) D:8
    Orc: D:9-12

Altars:
Ashenzari
Dithmenos
Elyvilon
Ru
Uskayaw
Vehumet
Yredelemnul
The Shining One

Shops:
D:1 *

Annotations:
D:7 2 transporters, bchevrier's ghost, novice GnWn


Innate Abilities, Weirdness & Mutations

You cannot be hasted, slowed, berserked, paralysed or teleported.
You can dig through walls and to a lower floor.
You have a pair of large antennae on your head. (SInv)
Your four strong arms can wield two-handed weapons with a shield.


Message History

The wyvern closely misses you.
You hit the wyvern.
The wyvern is moderately wounded.
The wyvern barely misses you.
You barely miss the wyvern.
The wyvern is moderately wounded.
The wyvern bites you! The wyvern closely misses you. The wyvern bites you!
You slash the wyvern!
The wyvern is severely wounded.
The wyvern bites you but does no damage.
You feel less invigorated.
You feel less confused. The wyvern bites you.
You slash the wyvern!
You kill the wyvern!
Your life force feels restored.
You slash the centaur!
The centaur is heavily wounded.
The centaur shoots an arrow.
You block the arrow. The centaur hits you. You block the centaur's attack.
The centaur attacks as you move away! The centaur barely misses you.
The centaur kicks you but does no damage.
The centaur shoots an arrow.
The arrow hits you but does no damage.
The centaur wields a +0 shortbow.
The centaur shoots an arrow.
The arrow hits you.
The centaur shoots an arrow.
The arrow hits you!
* * * LOW HITPOINT WARNING * * *
The kobold brigand throws a curare-tipped dart.
The curare-tipped dart barely misses you.
The centaur shoots an arrow.
You block the arrow.
The centaur shoots an arrow.
The arrow hits you but does no damage.
The centaur shoots an arrow.
The arrow closely misses you.
The centaur shoots an arrow.
The arrow hits you!
* * * LOW HITPOINT WARNING * * *
The centaur shoots an arrow.
The arrow hits you.
* * * LOW HITPOINT WARNING * * *
The centaur shoots an arrow.
The arrow hits you but does no damage.
The centaur shoots an arrow.
The arrow hits you.
You die...

.##...##**#####**,* *,*
##.....##,,....,,,* *,*
#.......#,,,..#**** *,*
#.#._.#.##**#.# *,*
..##.##..####.### *****,*
...###..........# *,,,,,*
........#####.#.# *,*****
......†.#####.#.## *,*
........##......@# *,*
.....#####.#####.#### *,*
.)...#####.# #....###.*
...........#####........******
.....####.......c.......,,,,,*
....,***#.####.c...####.****,*
,,,,<,,...#({#.K..##,,*,,,**,*
***,**###.#..{##.##,,{*,*,**,*
*,****#.##.z{).#,,{#*,*,**,*


You could see a kobold brigand and 2 centaurs.

Vanquished Creatures
  2 two-headed ogres
  A hornet (D:9)
  Grinder (D:5)
  Sigmund (D:2)
  2 wyverns (D:9)
  3 steam dragons
  2 orc warriors
  2 sky beasts
  A black bear (D:6)
  3 ice beasts
  2 ogres (D:4)
  The ghost of ytrimaz the Ducker, an amateur OpFi (D:3)
  4 centaurs
  3 phantoms
  3 kobold brigands
  3 bullfrogs
  3 scorpions
  8 killer bees
  A howler monkey (D:9)
  8 orc priests
  3 hounds
  Jessica (D:2)
  3 iguanas
  11 orc wizards
  A gnoll (D:6)
  5 adders
  2 shadow imps
  2 white imps
  An ufetubus (D:6)
  4 worms
  A dart slug (D:1)
  24 orcs
  7 bats
  7 endoplasms
  5 giant cockroaches
  6 goblins
  14 hobgoblins
  4 jackals (D:3)
  20 kobolds
  5 quokkas
  8 ball pythons
  5 frilled lizards
  5 rats
198 creatures vanquished.

Vanquished Creatures (others)
  A kobold (D:6)
  4 fungi (D:3)
5 creatures vanquished.

Grand Total: 203 creatures vanquished

Notes
Turn   | Place    | Note
-------+----------+-------------------------------------------
     0 | D:1      | Warped the Formicid Fighter began the quest for the Orb.
     0 | D:1      | Reached XP level 1. HP: 18/18 MP: 1/1
    59 | D:1      | Reached XP level 2. HP: 21/24 MP: 2/2
   178 | D:1      | Reached skill level 3 in Staves
   244 | D:1      | Found Utajett's General Store.
   298 | D:1      | Reached XP level 3. HP: 27/29 MP: 3/3
  1122 | D:2      | Noticed Sigmund
  1137 | D:2      | Killed Sigmund
  1138 | D:2      | Reached skill level 5 in Staves
  1138 | D:2      | Reached XP level 4. HP: 11/35 MP: 4/4
  1138 | D:2      | Reached XP level 5. HP: 13/41 MP: 5/5
  1138 | D:2      | Reached XP level 6. HP: 15/47 MP: 6/6
  1314 | D:2      | Reached skill level 6 in Staves
  1546 | D:2      | Noticed Jessica
  1554 | D:2      | Killed Jessica
  2497 | D:3      | Found a radiant altar of Vehumet.
  2593 | D:3      | Found a runed translucent gate.
  2594 | D:3      | Found a runed translucent gate.
  2595 | D:3      | Found a runed translucent gate.
  2596 | D:3      | Noticed ytrimaz's ghost (amateur OpFi)
  3499 | D:4      | Reached XP level 7. HP: 52/52 MP: 7/7
  3669 | D:4      | Reached skill level 1 in Dodging
  3674 | D:4      | Reached skill level 7 in Staves
  4117 | D:5      | Entered Level 5 of the Dungeon
  4277 | D:5      | Identified the +0 leather armour "Mino" {Str+4 Dex-4}
  4306 | D:5      | Found a glowing golden altar of the Shining One.
  4308 | D:5      | Noticed an angel
  4313 | D:5      | Became a worshipper of the Shining One
  4332 | D:5      | Reached skill level 5 in Shields
  4332 | D:5      | Reached XP level 8. HP: 54/60 MP: 5/8
  4684 | D:5      | Noticed Grinder
  4697 | D:5      | Killed Grinder
  4866 | D:5      | Found a basalt altar of Yredelemnul.
  5046 | D:6      | You fall into a shaft and drop 1 floor!
  5126 | D:7      | Reached * piety under the Shining One
  5145 | D:7      | Reached skill level 8 in Staves
  5263 | D:6      | Noticed a +0 spear
  5263 | D:6      | Noticed a +0 falchion
  5264 | D:6      | Noticed a +0 falchion
  5265 | D:6      | Noticed a +0 dagger
  5266 | D:6      | Noticed a +0 short sword
  5266 | D:6      | Noticed a +0 dagger
  5266 | D:6      | Noticed a +0 spear
  5266 | D:6      | Noticed a +0 short sword
  5268 | D:6      | Found a hide-covered altar of Uskayaw.
  5284 | D:6      | Reached skill level 5 in Fighting
  5284 | D:6      | Reached skill level 5 in Armour
  5284 | D:6      | Reached XP level 9. HP: 62/68 MP: 9/9
  5407 | D:3      | Killed ytrimaz's ghost
  5760 | D:6      | Reached skill level 1 in Invocations
  6336 | D:6      | Reached skill level 1 in Ranged Weapons
  6509 | D:6      | Reached skill level 9 in Staves
  6929 | D:7      | Reached XP level 10. HP: 68/76 MP: 10/12
  7042 | D:7      | Reached ** piety under the Shining One
  7155 | D:7      | Found a staircase to the Ecumenical Temple.
  7249 | D:7      | Noticed bchevrier's ghost (novice GnWn)
  7336 | D:7      | Found a transporter.
  7342 | D:7      | Found a transporter.
  7804 | D:7      | Found a white marble altar of Elyvilon.
  7815 | D:7      | Found a broken altar of Ashenzari.
  8116 | D:8      | Noticed a two-headed ogre
  8125 | D:7      | Found a sacrificial altar of Ru.
  8149 | D:8      | Killed a two-headed ogre
  8362 | D:8      | Found a staircase to the Lair.
  8665 | D:9      | Reached skill level 10 in Staves
  8683 | D:9      | Found a shadowy altar of Dithmenos.
  8744 | D:9      | Noticed a two-headed ogre
  8755 | D:9      | Killed a two-headed ogre
  8758 | D:9      | Reached XP level 11. HP: 33/83 MP: 14/14
  8776 | D:9      | HP: 1/83 [centaur/arrow (6)]
  8777 | D:9      | Shot with an arrow by a centaur

Illustrated notes

Levels and vault maps discovered:
D:1:      sevenhm_arrival_forest_fort_small_5, layout_basic, serial_shops, shop,
          amcnicky_mini_pool_small
D:2:      minmay_door_path, layout_loops_ring, minmay_tree_intersection,
          minmay_distorted, uniq_sigmund, uniq_jessica
D:3:      layout_loops_ring, vehumet_altar_wand_db,
          gammafunk_ghost_nasty_kobolds
D:4:      layout_basic, serial_glass, glass_columns_a, glass_columns_c,
          glass_columns_b, glass_columns_a, glass_columns_a, glass_columns_a,
          patterned_corridor
D:5:      layout_loops_ring, grunt_temple_overflow_holy_war, uniq_grinder
D:6:      layout_basic, nicolae_uskayaw_en_pointe, minmay_manual_maat
D:7:      layout_basic, amethyst_overflow_temple_binary,
          nicolae_overflow_hidden_temple, minmay_temple_entry_glass,
          gammafunk_ghost_hive
D:8:      layout_rooms, lair_entry_dummy
D:9:      cheibrodos_barr_body, layout_loops_ring, general_overflow_altar,
          nicolae_dithmenos_through_a_glass_darkly

Skill      XL: |  1  2  3  4  5  6  7  8  9 10 |
---------------+-------------------------------+-----
Staves         | 3 5 6 7 8 9 10 | 10.2
Dodging        | 1 2 3 4 |  4.7
Fighting       | 4 5 6 |  6.9
Armour         | 4 5 6 |  6.9
Shields        | 5 6 7 8 |  8.2
Invocations    | 2 4 |  4.6
Ranged Weapons | 2 4 |  4.9

Action                     |  1- 3 |  4- 6 |  7- 9 | 10-12 || total
---------------------------+-------+-------+-------+-------++-------
  Melee: Quarterstaff      |    98 |   147 |   331 |    69 ||   645
         Lajatang          |       |       |       |    56 ||    56
Ability: Dig               |       |       |     3 |     2 ||     5
         Shaft Self        |       |       |     1 |       ||     1
  Evoke: Wand              |       |       |     4 |     3 ||     7
    Use: Potion            |     1 |       |     2 |     4 ||     7
         Scroll            |       |     6 |       |    13 ||    19
   Stab: Paralysed         |       |       |     6 |       ||     6
 Armour: Scale mail        |    40 |    62 |       |       ||   102
         Chain mail        |       |    10 |   169 |    49 ||   228
         Plate armour      |       |       |       |    29 ||    29
  Dodge: Dodged            |    30 |    47 |   125 |    60 ||   262
  Block: Buckler           |    21 |    37 |    90 |    46 ||   194

Table legend: (Time is in decaauts)
 A = Elapsed time spent in this place.
 B = Non-inter-level travel time spent in this place.
 C = Inter-level travel time spent in this place.
 D = Time resting spent in this place.
 E = Time spent auto-exploring this place.
 F = Levels seen in this place.
 G = Mean time per level.
                   A        B        C        D        E       F      G
               +--------+--------+--------+--------+--------+-----+--------+
         Total |   8758 |   8250 |    508 |    842 |   5757 |   9 |  973.1 |
       Dungeon |   8758 |   8250 |    508 |    842 |   5757 |   9 |  973.1 |
               +--------+--------+--------+--------+--------+-----+--------+

Top non-repeatable levels by time:
     D:3: 1346 daAuts
     D:7: 1306 daAuts
     D:6: 1209 daAuts
     D:4: 1175 daAuts
     D:2: 1077 daAuts
     D:1: 961 daAuts
     D:5: 944 daAuts
     D:8: 580 daAuts
     D:9: 157 daAuts
